 Dungeon Crawl Stone Soup version 0.30.0-19-gbf45117a57 (webtiles) character file.

Game seed: 11434388725373858213

125926 qw the Severer (level 16, -4/104 HPs)
             Began as a Gargoyle Fighter on May 23, 2023.
             Was an Elder of Okawaru.
             Killed from afar by Nikola (45 damage)
             ... with an arc of chain lightning
             ... on level 3 of the Shoals.
             The game lasted 00:14:22 (25003 turns).

qw the Severer (Gargoyle Fighter)                  Turns: 25003, Time: 00:14:23

Health: -4/104     AC: 57    Str: 28    XL:     16   Next: 97%
Magic:  23/23      EV: 16    Int:  9    God:    Okawaru [****..]
Gold:   513        SH:  7    Dex: 13    Spells: 15/15 levels left

rFire   + . .        Y - +0 broad axe (flame)
rCold   + . .        c - +0 buckler
rNeg    + . .        p - +5 crystal plate armour
rPois   inf          m - +0 helmet of Qeuph {Dex+4}
rElec   +            n - scarf {rC+ rF+}
rCorr   .            A - +2 pair of gloves
SInv    .            C - +2 pair of boots
Will    +....        (no amulet) Stlth
                     F - +5 ring of evasion
HPRegen 0.37/turn    r - +4 ring of protection
MPRegen 0.18/turn

%: no passive effects
@: heroic, flying
A: sickness immunity, AC +12, big wings, negative energy resistance 1,
electricity resistance, torment resistance 1, petrification resistance
a: Renounce Religion, Heroism, Finesse


You were on level 3 of the Shoals.
You worshipped Okawaru.
Okawaru was greatly pleased with you.
You visited 5 branches of the dungeon, and saw 26 of its levels.
You also visited: Ossuary.

You collected 2570 gold pieces.
You spent 2057 gold pieces at shops.


Innate Abilities, Weirdness & Mutations

You are immune to sickness and miasma.
Your stone body is resilient. (AC +12)
You are immune to poison.
Your large and strong wings let you fly.
You resist negative energy. (rN+)
You are resistant to electric shocks. (rElec)
You are resistant to unholy torment.
You are immune to petrification.


   Skills:
 - Level 13.0(18.0) Fighting
 - Level 17.5(22.5) Axes
 - Level 7.0(12.0) Throwing
 + Level 15.6(20.6) Armour
 - Level 5.9(10.9) Dodging
 - Level 8.1(13.1) Shields
 - Level 10.0 Invocations


You had 15 spell levels left.
You didn't know any spells.
Your spell library was empty.

Inventory:

Hand Weapons
 Y - a +0 broad axe of flaming (weapon)
Missiles
 e - 24 boomerangs
 x - 2 silver boomerangs (quivered)
 y - 2 boomerangs of dispersal
 E - 9 silver javelins
Armour
 c - a +0 buckler (worn)
 m - the +0 helmet of Qeuph (worn) {Dex+4}
   (You bought it in a shop on level 15 of the Dungeon)

   Dex:       It affects your dexterity (+4).
 n - a scarf of resistance (worn)
 p - a +5 crystal plate armour (worn)
 u - the +9 scale mail "Afeah" {rF+ Will+ Str+3}
   (You found it on level 9 of the Dungeon)

   Str:       It affects your strength (+3).
   rF:        It protects you from fire.
   Will:      It increases your willpower.
 v - the +1 hat of Kleptomania {+Blink Fly rC- Slay+4}
   (You found it on level 10 of the Dungeon)

   Slay:      It affects your accuracy & damage with ranged weapons and melee
   (+4).
   rC:        It makes you vulnerable to cold.
   Fly:       It grants you flight.
   +Blink:    It lets you blink.
 A - a +2 pair of gloves (worn)
 B - a scarf of repulsion
 C - a +2 pair of boots (worn)
Jewellery
 b - a ring of ice
 f - a ring of fire
 r - a +4 ring of protection (right hand)
 w - a ring of fire
 F - a +5 ring of evasion (left hand)
Wands
 z - a wand of digging (1)
Scrolls
 a - 14 scrolls of identify
 q - 16 scrolls of teleportation
Potions
 d - 7 potions of might
 g - 5 potions of attraction
 h - a potion of resistance
 i - 10 potions of curing
 j - 4 potions of mutation
 k - 3 potions of haste
 l - 2 potions of lignification
 o - a potion of magic
 s - 7 potions of heal wounds
 t - 5 potions of cancellation
 D - a potion of brilliance {unknown}

Dungeon Overview and Level Annotations

Branches:
Dungeon (15/15)            Temple (1/1) D:5            Lair (5/5) D:10
 Shoals (3/4) Lair:3       Spider (0/4) Lair:3        Slime (0/5) Lair:5
    Orc (2/2) D:10            Elf (0/3) Orc:2        Vaults (0/5) D:13
 Depths (0/4) D:15        Ossuary (visited)

Altars:
Ashenzari
Cheibriados
Dithmenos
Elyvilon
Fedhas
Gozag
Hepliaklqana
Kikubaaqudgha
Makhleb
Nemelex Xobeh
Okawaru
Qazlal
Ru
Sif Muna
Trog
Uskayaw
Vehumet
Wu Jian
Xom
Yredelemnul
Zin
The Shining One
Jiyva

Shops:
D:5 [   D:7 ?   D:8 (   D:13 =   D:15 [?[   Orc:2 ![[:[   Shoals:2 (

Annotations:
D:3 2 runed translucent doors, qw's ghost, amateur GrFi
Shoals:1 1 runed translucent door
Shoals:3 Nikola


Message History

Nikola is lightly wounded.
You slash Nikola! You burn Nikola.
Nikola is moderately wounded.
Nikola asks, "Are you insulated?"
Nikola gestures wildly while chanting.
Nikola blinks!
24990 ||| Stepping ~*~*~tactically~*~*~ (hiding).
You start resting.
Nikola is nearby!
Nikola gestures wildly while chanting.
Nikola blinks!
24994 ||| Stepping ~*~*~tactically~*~*~ (hiding).
There is an escape hatch in the floor here.
24995 ||| Stepping ~*~*~tactically~*~*~ (hiding).
You start resting.
Nikola is nearby!
There is an escape hatch in the floor here.
You closely miss Nikola.
Nikola is moderately wounded.
You slash Nikola! You burn Nikola!
Nikola is moderately wounded.
Nikola casts a spell.
Lightning arcs from Nikola's hands!
The bolt of lightning hits you!! You resist.
A bolt of lightning appears from out of thin air!
The bolt of lightning hits Nikola!
You hear a shout!
You slash Nikola! You burn Nikola.
Nikola is heavily wounded.
Nikola closely misses you.
You slice Nikola!! You burn Nikola.
Nikola is severely wounded.
You closely miss Nikola.
Nikola is severely wounded.
Nikola completely misses you.
You barely miss Nikola.
Nikola is severely wounded.
Nikola mumbles some strange words.
Lightning arcs from Nikola's hands!
The bolt of lightning hits you!!! You resist.
You die...

# .....~~~~~~.~~~~~~~~ .
#........~~~~~~~~~~ ##.
##........~~~~~~~~~
#..##......).~~~~~~~~~~
..........##.~~~~~~~~~~
..........##.~~..~~~~~~
..##....##.~~.~~~~~~..
#....#^.~..~~~~~~.#
#.@.###.~~.~~~~~..#
###@###.~~~~~~~~..#
######....~~~~~~~~~...
##........~~~~.~.......
....~.....~~~~~........)
#....~.~..~~~~~>.###...)
####.~~....~~~...# ##...
#.......~.....#####..
.....#...~~~~~~.......


You could see Nikola.

Vanquished Creatures
  Jorgrun (Orc:2)
  Rupert (D:15)
  Gastronok (Lair:3)
  2 orc warlords
  A stone giant (D:15)
  A merfolk javelineer (Shoals:3)
  2 merfolk impalers (Shoals:1)
  A fire dragon (Lair:5)
  Josephine (Lair:3)
  A rakshasa (D:13)
  2 vault guards (D:13)
  An ogre mage (D:14)
  A catoblepas (Lair:1)
  4 centaur warriors
  4 hydras
  2 tengu warriors (D:15)
  4 boulder beetles
  5 death yaks (Lair:5)
  9 two-headed ogres
  2 orc high priests
  Nergalle (Lair:2)
  3 skysharks
  3 sea snakes
  A swamp dragon (Lair:5)
  An orb spider (Lair:3)
  11 harpies
  2 wizards
  5 orc sorcerers
  An oklob plant (Lair:5)
  A deep elf pyromancer (D:13)
  A wolf spider (Lair:5)
  13 ugly things
  2 necromancers (D:13)
  13 manticores
  10 fauns
  A guardian serpent (Lair:5)
  5 cyclopes
  3 water nymphs
  5 elephants (Lair:2)
  11 black mambas
  16 cane toads
  7 merfolk sirens
  3 unseen horrors
  2 gargoyles
  9 komodo dragons
  An unseen horror (shapeshifter) (D:13)
  6 rime drakes
  A queen bee (D:12)
  10 trolls
  3 meliai (D:12)
  A polar bear (shapeshifter) (D:13)
  A polar bear (Lair:4)
  A wind drake (Shoals:1)
  15 merfolk
  3 hornets (Lair:5)
  17 blink frogs
  4 snapping turtles
  Prince Ribbit (Lair:2)
  A raiju (shapeshifter) (D:15)
  9 dream sheep
  Sigmund (D:4)
  8 slime creatures (D:14)
  A centaur simulacrum (D:14)
  16 wyverns
  52 yaks
  3 shadows
  A vampire (D:12)
  6 wraiths
  2 water elementals (Shoals:2)
  A basilisk (Lair:1)
  17 humans (D:13)
  3 steam dragons
  Eustachio (D:4)
  2 redbacks (Lair:5)
  5 wargs
  11 vampire mosquitoes
  5 acid dragons
  23 water moccasins
  Duvessa (D:6)
  37 orc warriors
  2 swamp drakes (Lair:5)
  4 ice beasts
  2 sky beasts
  20 wolves
  5 ogres
  3 centaurs
  A phantom (D:5)
  4 kobold brigands
  8 bullfrogs
  2 elf zombies (Ossuary)
  8 scorpions
  A gnoll sergeant (D:12)
  12 wights
  Dowan (D:6)
  20 killer bees (D:12)
  10 electric eels
  7 howler monkeys
  5 centaur zombies (Ossuary)
  4 crimson imps (D:7)
  2 hounds
  A jelly (D:6)
  3 human zombies (Ossuary)
  A gnoll bouda (D:6)
  28 orc priests
  9 iguanas
  2 sleepcaps
  40 orc wizards
  2 mummies (Ossuary)
  13 gnolls
  6 adders
  3 shadow imps
  2 white imps
  An ufetubus (D:4)
  2 worms
  2 dart slugs
  104 orcs
  7 endoplasms
  5 giant cockroaches
  9 goblins
  9 hobgoblins
  3 quokkas
  3 training dummies (D:8)
  7 ball pythons
  4 bats
  3 frilled lizards (D:1)
  12 hobgoblin zombies (Ossuary)
  A jackal zombie (Ossuary)
  29 kobolds
  6 kobold zombies (Ossuary)
  7 orc zombies (Ossuary)
  4 rats
  A rat zombie (Ossuary)
896 creatures vanquished.

Vanquished Creatures (others)
  An orc priest (Orc:2)
  An orc wizard (Orc:2)
  An orc (Orc:2)
3 creatures vanquished.

Grand Total: 899 creatures vanquished

Notes
Turn   | Place    | Note
-------+----------+-------------------------------------------
     0 | D:1      | qw the Gargoyle Fighter began the quest for the Orb.
     0 | D:1      | Reached XP level 1. HP: 14/14 MP: 1/1
     0 | D:1      | 0 ||| qw: Version: 0.2-a-98-g5d7165a
     0 | D:1      | 0 ||| qw: Game counter: 36
     0 | D:1      | 0 ||| qw: Always use a shield: true
     0 | D:1      | 0 ||| qw: God list: Okawaru
     0 | D:1      | 0 ||| qw: Allow faded altars: false
     0 | D:1      | 0 ||| qw: Do Orc after D:15 true
     0 | D:1      | 0 ||| qw: Do second Lair branch before Depths: true
     0 | D:1      | 0 ||| qw: Lair rune preference: random
     0 | D:1      | 0 ||| qw: Plans: Normal, Zot:1-4, God:TSO, Crypt, Tomb,
                  | Pan, Slime:5, Hells, Abyss, Win
     0 | D:1      | 0 ||| PLANNING D:1-11
    74 | D:1      | Reached skill level 2 in Axes
   204 | D:1      | Reached XP level 2. HP: 19/19 MP: 2/2
   368 | D:1      | 368 ||| Stepping ~*~*~tactically~*~*~ (hiding).
   656 | D:1      | Reached skill level 3 in Axes
   732 | D:1      | Reached XP level 3. HP: 23/23 MP: 3/3
   887 | D:1      | 887 ||| Stepping ~*~*~tactically~*~*~ (hiding).
  1086 | D:1      | 1086 ||| Stepping ~*~*~tactically~*~*~ (hiding).
  1106 | D:1      | 1106 ||| Stepping ~*~*~tactically~*~*~ (stealth).
  1109 | D:1      | 1109 ||| Stepping ~*~*~tactically~*~*~ (stealth).
  1113 | D:1      | 1113 ||| Stepping ~*~*~tactically~*~*~ (stealth).
  1269 | D:1      | 1269 ||| READING 2 scrolls labelled ASCHOSHR VIUCWARPHETI.
  1270 | D:1      | 1270 ||| READING scroll labelled KOH CEUTOINU.
  1270 | D:1      | Identified a scroll of acquirement
  1270 | D:1      | 1270 ||| ACQUIRING +2 war axe of flaming
  1270 | D:1      | Acquired a +2 war axe of flaming
  1272 | D:1      | 1272 ||| SWAPPING to +2 war axe of flaming.
  1273 | D:1      | 1273 ||| DROPPING +0 whip.
  1274 | D:1      | 1274 ||| DROPPING +0 war axe.
  1275 | D:1      | 1275 ||| READING scroll labelled REXOELOXKO.
  1276 | D:1      | 1276 ||| DRINKING 2 bubbling grey potions.
  1388 | D:2      | Reached XP level 4. HP: 28/28 MP: 4/4
  1460 | D:2      | Reached skill level 4 in Axes
  1544 | D:2      | 1544 ||| Stepping ~*~*~tactically~*~*~ (stealth).
  1772 | D:2      | 1772 ||| UPGRADING to +0 plate armour.
  1782 | D:2      | 1782 ||| DROPPING +0 scale mail.
  1783 | D:2      | 1783 ||| UPGRADING to +6 ring of strength.
  1784 | D:2      | 1784 ||| READING 3 scrolls labelled YFIYSIGAMU.
  1785 | D:2      | 1785 ||| READING scroll labelled HYTAUC ONUWK.
  1786 | D:2      | 1786 ||| READING 4 scrolls of identify.
  1786 | D:2      | 1786 ||| IDENTIFYING viscous coppery potion
  1787 | D:2      | 1787 ||| READING 3 scrolls of identify.
  1787 | D:2      | 1787 ||| IDENTIFYING gluggy clear potion
  1788 | D:2      | 1788 ||| READING 2 scrolls of identify.
  1788 | D:2      | 1788 ||| IDENTIFYING bubbling pink potion
  1789 | D:2      | 1789 ||| DROPPING 2 scrolls of fog.
  1790 | D:2      | 1790 ||| DROPPING potion of magic.
  1838 | D:3      | Found a runed translucent door.
  1843 | D:3      | Noticed qw's ghost (amateur GrFi)
  1873 | D:3      | Found a runed translucent door.
  2021 | D:3      | 2021 ||| Stepping ~*~*~tactically~*~*~ (stealth).
  2028 | D:3      | Reached XP level 5. HP: 32/32 MP: 5/5
  2089 | D:3      | 2089 ||| Stepping ~*~*~tactically~*~*~ (stealth).
  2194 | D:3      | 2194 ||| READING scroll labelled EHUHICH ABYR.
  2526 | D:4      | Reached skill level 5 in Axes
  2599 | D:4      | Noticed Eustachio
  2616 | D:4      | Killed Eustachio
  2617 | D:4      | Reached XP level 6. HP: 40/40 MP: 6/6
  2728 | D:4      | Noticed Sigmund
  2729 | D:4      | 2729 ||| Stepping ~*~*~tactically~*~*~ (hiding).
  2730 | D:4      | 2730 ||| Stepping ~*~*~tactically~*~*~ (hiding).
  2837 | D:4      | 2837 ||| Stepping ~*~*~tactically~*~*~ (stealth).
  2839 | D:4      | 2839 ||| Stepping ~*~*~tactically~*~*~ (hiding).
  2845 | D:4      | Killed Sigmund
  2846 | D:4      | Reached XP level 7. HP: 38/44 MP: 7/7
  2906 | D:4      | Reached skill level 6 in Axes
  3090 | D:4      | Reached skill level 1 in Dodging
  3406 | D:4      | 3406 ||| READING 2 scrolls labelled QAXKIL QUZIUG.
  3407 | D:4      | 3407 ||| READING scroll labelled KEIGGA OCUYXYPHILI.
  3408 | D:4      | 3408 ||| DROPPING scroll of poison.
  3440 | D:5      | Entered Level 5 of the Dungeon
  3477 | D:5      | Reached skill level 7 in Axes
  3512 | D:5      | Reached XP level 8. HP: 45/49 MP: 8/8
  3533 | D:5      | 3533 ||| Stepping ~*~*~tactically~*~*~ (stealth).
  3534 | D:5      | 3534 ||| Stepping ~*~*~tactically~*~*~ (stealth).
  3537 | D:5      | 3537 ||| Stepping ~*~*~tactically~*~*~ (stealth).
  3538 | D:5      | 3538 ||| Stepping ~*~*~tactically~*~*~ (stealth).
  3627 | D:5      | Found a staircase to the Ecumenical Temple.
  3628 | D:5      | 3628 ||| PLANNING TEMPLE
  3636 | Temple   | Entered the Ecumenical Temple
  3683 | Temple   | 3683 ||| PLANNING OKAWARU WORSHIP
  3754 | Temple   | Became a worshipper of Warmaster Okawaru
  3754 | Temple   | 3754 ||| PLANNING D:1-11
  3868 | D:5      | 3868 ||| Stepping ~*~*~tactically~*~*~ (stealth).
  3901 | D:5      | Found Pyiwk's Antique Armour Shop.
  3914 | D:5      | 3914 ||| BUYING glowing scarf (240 gold).
  3914 | D:5      | Bought a glowing scarf for 240 gold pieces
  3914 | D:5      | 3914 ||| SHOPLISTING pair of boots (135 gold, have 1).
  3914 | D:5      | 3914 ||| SHOPLISTING pair of gloves (135 gold, have 1).
  3972 | D:5      | 3972 ||| Stepping ~*~*~tactically~*~*~ (stealth).
  4079 | D:5      | 4079 ||| DROPPING scarf of harm.
  4080 | D:5      | 4080 ||| READING scroll labelled BEOREUCHUM.
  4081 | D:5      | 4081 ||| DRINKING 3 smoky black potions.
  4082 | D:5      | 4082 ||| DRINKING 2 clear potions.
  4083 | D:5      | 4083 ||| READING 2 scrolls of identify.
  4083 | D:5      | 4083 ||| IDENTIFYING bubbling black potion
  4084 | D:5      | 4084 ||| DROPPING potion of berserk rage.
  4091 | D:6      | 4091 ||| PLANNING OSSUARY
  4094 | D:6      | 4094 ||| Stepping ~*~*~tactically~*~*~ (stealth).
  4112 | D:6      | Reached skill level 8 in Axes
  4118 | D:6      | Found a glowing drain.
  4154 | D:6      | 4154 ||| Stepping ~*~*~tactically~*~*~ (stealth).
  4156 | D:6      | 4156 ||| Stepping ~*~*~tactically~*~*~ (hiding).
  4321 | D:6      | Reached skill level 6 in Fighting
  4329 | D:6      | Found a white marble altar of Elyvilon.
  4465 | D:6      | Reached * piety under Okawaru
  4466 | D:6      | Reached XP level 9. HP: 55/55 MP: 9/9
  4494 | D:6      | Reached skill level 1 in Invocations
  4513 | D:6      | Noticed Duvessa
  4513 | D:6      | Noticed Dowan
  4514 | D:6      | 4514 ||| INVOKING Heroism.
  4516 | D:6      | 4516 ||| Stepping ~*~*~tactically~*~*~ (hiding).
  4517 | D:6      | 4517 ||| Stepping ~*~*~tactically~*~*~ (hiding).
  4522 | D:6      | Killed Duvessa
  4525 | D:6      | 4525 ||| INVOKING Heroism.
  4537 | D:6      | 4537 ||| Stepping ~*~*~tactically~*~*~ (hiding).
  4538 | D:6      | 4538 ||| Stepping ~*~*~tactically~*~*~ (hiding).
  4542 | D:6      | Killed Dowan
  4543 | D:6      | Reached skill level 9 in Axes
  4603 | D:6      | Found a sand-covered staircase.
  4604 | D:6      | 4604 ||| UPGRADING to scarf of resistance.
  4609 | D:6      | 4609 ||| DROPPING ring of magical power.
  4610 | D:6      | 4610 ||| READING scroll labelled FYGAUGG YNNO.
  4611 | D:6      | 4611 ||| READING 2 scrolls labelled VUPPIC ZUFAVVA.
  4615 | D:6      | 4615 ||| READING scroll labelled VAAG ZIAJO.
  4716 | D:6      | 4716 ||| DRINKING 2 fizzy blue potions.
  4758 | D:6      | 4758 ||| READING 2 scrolls of identify.
  4758 | D:6      | 4758 ||| IDENTIFYING smoky white potion
  4759 | D:6      | 4759 ||| DROPPING potion of invisibility.
  4783 | D:6      | 4783 ||| Stepping ~*~*~tactically~*~*~ (hiding).
  4784 | D:6      | 4784 ||| Stepping ~*~*~tactically~*~*~ (hiding).
  4785 | D:6      | 4785 ||| Stepping ~*~*~tactically~*~*~ (hiding).
  4835 | Ossuary  | Entered an ossuary
  5110 | Ossuary  | Reached skill level 3 in Invocations
  5266 | Ossuary  | 5266 ||| RIP SEWER
  5266 | Ossuary  | 5266 ||| READING 2 scrolls labelled AROLAN VEQAF.
  5267 | Ossuary  | 5267 ||| READING scroll labelled ZUSKODAUHUSK.
  5268 | Ossuary  | 5268 ||| DRINKING 2 glowing purple potions.
  5269 | Ossuary  | 5269 ||| DROPPING scroll of amnesia.
  5270 | Ossuary  | 5270 ||| DROPPING potion of flight.
  5284 | D:6      | 5284 ||| PLANNING D:1-11
  5455 | D:6      | Found a basalt altar of Yredelemnul.
  5492 | D:6      | 5492 ||| DRINKING 2 dark potions.
  5506 | D:7      | Found Jigeolam's Magic Scroll Emporium.
  5509 | D:7      | 5509 ||| BUYING scroll of enchant armour (105 gold).
  5509 | D:7      | Bought a scroll of enchant armour for 105 gold pieces
  5509 | D:7      | 5509 ||| BUYING scroll of teleportation (42 gold).
  5509 | D:7      | Bought a scroll of teleportation for 42 gold pieces
  5509 | D:7      | 5509 ||| SHOPLISTING scroll of teleportation (42 gold, have
                  | 40).
  5509 | D:7      | 5509 ||| READING scroll of enchant armour.
  5509 | D:7      | 5509 ||| ENCHANTING +0 plate armour.
  5523 | D:7      | Found a shimmering altar of Xom.
  5524 | D:7      | 5524 ||| Stepping ~*~*~tactically~*~*~ (hiding).
  5618 | D:7      | 5618 ||| Stepping ~*~*~tactically~*~*~ (hiding).
  5787 | D:7      | 5787 ||| INVOKING Heroism.
  5818 | D:7      | Reached ** piety under Okawaru
  5845 | D:7      | Noticed a cyclops
  5846 | D:7      | 5846 ||| INVOKING Heroism.
  5851 | D:7      | Killed a cyclops
  5929 | D:7      | Reached skill level 10 in Axes
  5929 | D:7      | Reached XP level 10. HP: 53/63 MP: 13/13
  5933 | D:7      | 5933 ||| Stepping ~*~*~tactically~*~*~ (stealth).
  5971 | D:7      | Noticed a two-headed ogre
  5972 | D:7      | 5972 ||| Stepping ~*~*~tactically~*~*~ (stealth).
  5976 | D:7      | 5976 ||| INVOKING Heroism.
  5981 | D:7      | Killed a two-headed ogre
  6083 | D:7      | Noticed a boulder beetle
  6084 | D:7      | 6084 ||| Stepping ~*~*~tactically~*~*~ (stealth).
  6085 | D:7      | 6085 ||| Stepping ~*~*~tactically~*~*~ (stealth).
  6086 | D:7      | 6086 ||| Stepping ~*~*~tactically~*~*~ (stealth).
  6087 | D:7      | 6087 ||| Stepping ~*~*~tactically~*~*~ (stealth).
  6088 | D:7      | 6088 ||| INVOKING Heroism.
  6095 | D:7      | Killed a boulder beetle
  6119 | D:7      | 6119 ||| INVOKING Heroism.
  6329 | D:7      | Reached skill level 6 in Armour
  6340 | D:7      | 6340 ||| Stepping ~*~*~tactically~*~*~ (stealth).
  6429 | D:7      | Found a glowing golden altar of the Shining One.
  6809 | D:7      | 6809 ||| READING 2 scrolls labelled NEOBRO RIYTE.
  6854 | D:7      | 6854 ||| DROPPING scroll of torment.
  6886 | D:8      | Found a snail-covered altar of Cheibriados.
  6903 | D:8      | 6903 ||| STAIRDANCE
  6972 | D:8      | 6972 ||| INVOKING Heroism.
  7095 | D:8      | 7095 ||| Stepping ~*~*~tactically~*~*~ (stealth).
  7096 | D:8      | 7096 ||| Stepping ~*~*~tactically~*~*~ (stealth).
  7099 | D:8      | 7099 ||| Stepping ~*~*~tactically~*~*~ (stealth).
  7109 | D:8      | 7109 ||| INVOKING Heroism.
  7115 | D:8      | Reached *** piety under Okawaru
  7116 | D:8      | Reached skill level 11 in Axes
  7278 | D:8      | Found Allait's Firing Range.
  7491 | D:8      | 7491 ||| Stepping ~*~*~tactically~*~*~ (stealth).
  7527 | D:8      | 7527 ||| Stepping ~*~*~tactically~*~*~ (hiding).
  7535 | D:8      | 7535 ||| INVOKING Heroism.
  7537 | D:8      | Reached skill level 3 in Throwing
  7662 | D:8      | 7662 ||| INVOKING Heroism.
  7671 | D:8      | Reached XP level 11. HP: 50/69 MP: 11/14
  7744 | D:8      | Reached skill level 9 in Fighting
  7950 | D:8      | 7950 ||| INVOKING Heroism.
  8034 | D:8      | 8034 ||| UPGRADING to +6 ring of dexterity.
  8035 | D:8      | 8035 ||| READING 2 scrolls of identify.
  8035 | D:8      | 8035 ||| IDENTIFYING fizzy black potion
  8064 | D:9      | Found a shimmering blue altar of Sif Muna.
  8065 | D:9      | 8065 ||| INVOKING Heroism.
  8157 | D:9      | 8157 ||| Stepping ~*~*~tactically~*~*~ (hiding).
  8233 | D:9      | Identified the +9 scale mail "Afeah" {rF+ Will+ Str+3}
  8247 | D:9      | Found a blossoming altar of Fedhas.
  8267 | D:9      | Reached skill level 3 in Dodging
  8316 | D:9      | Found an ornate altar of the Wu Jian Council.
  8344 | D:9      | 8344 ||| Stepping ~*~*~tactically~*~*~ (stealth).
  8383 | D:9      | 8383 ||| DROPPING +0 flail.
  8719 | D:9      | 8719 ||| Stepping ~*~*~tactically~*~*~ (hiding).
  8771 | D:9      | 8771 ||| Stepping ~*~*~tactically~*~*~ (stealth).
  8949 | D:9      | 8949 ||| UPGRADING to +9 scale mail "Afeah" {rF+ Will+
                  | Str+3}.
  8959 | D:9      | 8959 ||| DROPPING +1 plate armour.
  8984 | D:10     | Entered Level 10 of the Dungeon
  8989 | D:10     | 8989 ||| INVOKING Heroism.
  9010 | D:10     | 9010 ||| INVOKING Heroism.
  9016 | D:10     | 9016 ||| Stepping ~*~*~tactically~*~*~ (hiding).
  9026 | D:10     | Noticed a two-headed ogre
  9033 | D:10     | 9033 ||| INVOKING Heroism.
  9038 | D:10     | Killed a two-headed ogre
  9039 | D:10     | Reached skill level 12 in Axes
  9048 | D:10     | 9048 ||| Stepping ~*~*~tactically~*~*~ (hiding).
  9049 | D:10     | 9049 ||| Stepping ~*~*~tactically~*~*~ (hiding).
  9057 | D:10     | 9057 ||| INVOKING Heroism.
  9061 | D:10     | 9061 ||| Stepping ~*~*~tactically~*~*~ (stealth).
  9072 | D:10     | Reached skill level 6 in Shields
  9079 | D:10     | 9079 ||| Stepping ~*~*~tactically~*~*~ (hiding).
  9095 | D:10     | 9095 ||| INVOKING Heroism.
  9113 | D:10     | 9113 ||| Stepping ~*~*~tactically~*~*~ (stealth).
  9135 | D:10     | 9135 ||| Stepping ~*~*~tactically~*~*~ (stealth).
  9136 | D:10     | 9136 ||| Stepping ~*~*~tactically~*~*~ (stealth).
  9136 | D:10     | Found a staircase to the Orcish Mines.
  9138 | D:10     | 9138 ||| INVOKING Heroism.
  9213 | D:10     | Noticed a two-headed ogre
  9214 | D:10     | 9214 ||| Stepping ~*~*~tactically~*~*~ (stealth).
  9216 | D:10     | 9216 ||| Stepping ~*~*~tactically~*~*~ (stealth).
  9217 | D:10     | 9217 ||| INVOKING Heroism.
  9223 | D:10     | Killed a two-headed ogre
  9242 | D:10     | 9242 ||| Stepping ~*~*~tactically~*~*~ (hiding).
  9289 | D:10     | Found a staircase to the Lair.
  9425 | D:10     | 9425 ||| Stepping ~*~*~tactically~*~*~ (hiding).
  9438 | D:10     | 9438 ||| INVOKING Heroism.
  9497 | D:10     | 9497 ||| INVOKING Heroism.
  9521 | D:10     | 9521 ||| INVOKING Heroism.
  9547 | D:10     | 9547 ||| Stepping ~*~*~tactically~*~*~ (stealth).
  9583 | D:10     | 9583 ||| INVOKING Heroism.
  9628 | D:10     | 9628 ||| Stepping ~*~*~tactically~*~*~ (stealth).
  9641 | D:10     | 9641 ||| Stepping ~*~*~tactically~*~*~ (stealth).
  9934 | D:10     | Identified the +1 hat of Kleptomania {+Blink Fly rC-
                  | Slay+4}
 10070 | D:10     | 10070 ||| Stepping ~*~*~tactically~*~*~ (hiding).
 10071 | D:10     | 10071 ||| Stepping ~*~*~tactically~*~*~ (hiding).
 10184 | D:10     | 10184 ||| PLANNING LAIR
 10184 | D:10     | 10184 ||| UPGRADING to +1 hat of Kleptomania {+Blink Fly
                  | rC- Slay+4}.
 10228 | Lair:1   | Entered Level 1 of the Lair of Beasts
 10229 | Lair:1   | 10229 ||| INVOKING Heroism.
 10251 | Lair:1   | 10251 ||| INVOKING Heroism.
 10277 | Lair:1   | 10277 ||| INVOKING Heroism.
 10331 | Lair:1   | Noticed a catoblepas
 10332 | Lair:1   | 10332 ||| INVOKING Heroism.
 10342 | Lair:1   | Reached XP level 12. HP: 54/77 MP: 13/15
 10342 | Lair:1   | Killed a catoblepas
 10346 | Lair:1   | Reached skill level 13 in Axes
 10375 | Lair:1   | 10375 ||| INVOKING Heroism.
 10442 | Lair:1   | Noticed a seven-headed hydra
 10443 | Lair:1   | 10443 ||| INVOKING Heroism.
 10448 | Lair:1   | 10448 ||| SWAPPING to +0 morningstar.
 10452 | Lair:1   | Killed a seven-headed hydra
 10453 | Lair:1   | 10453 ||| SWAPPING to +2 war axe of freezing.
 10662 | Lair:1   | 10662 ||| INVOKING Heroism.
 10749 | Lair:1   | 10749 ||| INVOKING Heroism.
 10959 | Lair:1   | 10959 ||| Stepping ~*~*~tactically~*~*~ (stealth).
 10961 | Lair:1   | 10961 ||| Stepping ~*~*~tactically~*~*~ (hiding).
 11446 | Lair:2   | Identified the +10 dagger of Ravage {holy, Str-3 Int+6}
 11522 | Lair:2   | 11522 ||| INVOKING Heroism.
 11524 | Lair:2   | Noticed Nergalle
 11525 | Lair:2   | 11525 ||| Stepping ~*~*~tactically~*~*~ (stealth).
 11526 | Lair:2   | 11526 ||| Stepping ~*~*~tactically~*~*~ (stealth).
 11527 | Lair:2   | Received a gift from Okawaru
 11538 | Lair:2   | Killed Nergalle
 11539 | Lair:2   | Reached skill level 14 in Axes
 11563 | Lair:2   | 11563 ||| INVOKING Heroism.
 11579 | Lair:2   | 11579 ||| Stepping ~*~*~tactically~*~*~ (stealth).
 11581 | Lair:2   | 11581 ||| Stepping ~*~*~tactically~*~*~ (stealth).
 11718 | Lair:2   | Noticed a skyshark
 11719 | Lair:2   | 11719 ||| Stepping ~*~*~tactically~*~*~ (stealth).
 11720 | Lair:2   | 11720 ||| Stepping ~*~*~tactically~*~*~ (stealth).
 11721 | Lair:2   | Noticed Prince Ribbit
 11722 | Lair:2   | 11722 ||| Stepping ~*~*~tactically~*~*~ (stealth).
 11723 | Lair:2   | 11723 ||| INVOKING Heroism.
 11732 | Lair:2   | Killed Prince Ribbit
 11737 | Lair:2   | Reached **** piety under Okawaru
 11738 | Lair:2   | Received a gift from Okawaru
 11741 | Lair:2   | 11741 ||| INVOKING Heroism.
 11755 | Lair:2   | Killed a skyshark
 11967 | Lair:2   | Reached XP level 13. HP: 84/84 MP: 17/17
 12023 | Lair:2   | 12023 ||| INVOKING Heroism.
 12031 | Lair:2   | Reached skill level 6 in Invocations
 12219 | Lair:2   | 12219 ||| DROPPING ring of willpower.
 12311 | Lair:3   | 12311 ||| Stepping ~*~*~tactically~*~*~ (stealth).
 12435 | Lair:3   | 12435 ||| INVOKING Heroism.
 12437 | Lair:3   | 12437 ||| Stepping ~*~*~tactically~*~*~ (stealth).
 12438 | Lair:3   | 12438 ||| Stepping ~*~*~tactically~*~*~ (stealth).
 12445 | Lair:3   | Received a gift from Okawaru
 12459 | Lair:3   | Noticed Gastronok
 12460 | Lair:3   | 12460 ||| Stepping ~*~*~tactically~*~*~ (hiding).
 12464 | Lair:3   | 12464 ||| Stepping ~*~*~tactically~*~*~ (hiding).
 12466 | Lair:3   | 12466 ||| INVOKING Heroism.
 12468 | Lair:3   | 12468 ||| Stepping ~*~*~tactically~*~*~ (hiding).
 12470 | Lair:3   | 12470 ||| Stepping ~*~*~tactically~*~*~ (hiding).
 12472 | Lair:3   | 12472 ||| Stepping ~*~*~tactically~*~*~ (hiding).
 12485 | Lair:3   | Killed Gastronok
 12562 | Lair:3   | Found a staircase to the Shoals.
 12813 | Lair:3   | Found a hole to the Spider Nest.
 12819 | Lair:3   | 12819 ||| INVOKING Heroism.
 13031 | Lair:3   | Noticed Josephine
 13036 | Lair:3   | Killed Josephine
 13063 | Lair:3   | 13063 ||| Stepping ~*~*~tactically~*~*~ (stealth).
 13066 | Lair:3   | 13066 ||| Stepping ~*~*~tactically~*~*~ (stealth).
 13082 | Lair:3   | Reached ***** piety under Okawaru
 13400 | Lair:3   | 13400 ||| READING 6 scrolls of identify.
 13400 | Lair:3   | 13400 ||| IDENTIFYING amethyst potion
 13401 | Lair:3   | 13401 ||| DROPPING potion of degeneration.
 13446 | Lair:4   | Reached skill level 15 in Axes
 13455 | Lair:4   | 13455 ||| INVOKING Heroism.
 13471 | Lair:4   | Reached skill level 9 in Invocations
 13657 | Lair:4   | 13657 ||| Stepping ~*~*~tactically~*~*~ (stealth).
 13659 | Lair:4   | 13659 ||| Stepping ~*~*~tactically~*~*~ (stealth).
 13664 | Lair:4   | Received a gift from Okawaru
 13720 | Lair:4   | 13720 ||| Stepping ~*~*~tactically~*~*~ (stealth).
 14105 | Lair:4   | 14105 ||| UPGRADING to +0 pair of gloves.
 14110 | Lair:4   | 14110 ||| UPGRADING to +0 pair of boots.
 14115 | Lair:4   | 14115 ||| READING 4 scrolls of enchant armour.
 14115 | Lair:4   | 14115 ||| ENCHANTING +0 pair of gloves.
 14116 | Lair:4   | 14116 ||| READING 3 scrolls of enchant armour.
 14116 | Lair:4   | 14116 ||| ENCHANTING +1 pair of gloves.
 14117 | Lair:4   | 14117 ||| READING 2 scrolls of enchant armour.
 14117 | Lair:4   | 14117 ||| ENCHANTING +0 pair of boots.
 14118 | Lair:4   | 14118 ||| READING scroll of enchant armour.
 14118 | Lair:4   | 14118 ||| ENCHANTING +1 pair of boots.
 14137 | Lair:5   | Entered Level 5 of the Lair of Beasts
 14138 | Lair:5   | 14138 ||| PLANNING GAUNTLET
 14138 | Lair:5   | 14138 ||| INVOKING Heroism.
 14176 | Lair:5   | 14176 ||| Stepping ~*~*~tactically~*~*~ (stealth).
 14182 | Lair:5   | Received a gift from Okawaru
 14190 | Lair:5   | 14190 ||| INVOKING Finesse.
 14193 | Lair:5   | 14193 ||| INVOKING Heroism.
 14208 | Lair:5   | 14208 ||| SWAPPING to +0 morningstar.
 14218 | Lair:5   | 14218 ||| SWAPPING to +2 war axe of freezing.
 14254 | Lair:5   | 14254 ||| Stepping ~*~*~tactically~*~*~ (stealth).
 14256 | Lair:5   | 14256 ||| Stepping ~*~*~tactically~*~*~ (stealth).
 14258 | Lair:5   | 14258 ||| Stepping ~*~*~tactically~*~*~ (stealth).
 14259 | Lair:5   | 14259 ||| Stepping ~*~*~tactically~*~*~ (stealth).
 14261 | Lair:5   | 14261 ||| Stepping ~*~*~tactically~*~*~ (stealth).
 14263 | Lair:5   | 14263 ||| Stepping ~*~*~tactically~*~*~ (stealth).
 14265 | Lair:5   | 14265 ||| INVOKING Heroism.
 14280 | Lair:5   | Gained mutation: Your large and strong wings let you fly.
                  | [Gargoyle growth]
 14280 | Lair:5   | Reached XP level 14. HP: 91/91 MP: 21/21
 14308 | Lair:5   | 14308 ||| Stepping ~*~*~tactically~*~*~ (stealth).
 14309 | Lair:5   | 14309 ||| INVOKING Finesse.
 14362 | Lair:5   | 14362 ||| Stepping ~*~*~tactically~*~*~ (stealth).
 14372 | Lair:5   | 14372 ||| Stepping ~*~*~tactically~*~*~ (stealth).
 14373 | Lair:5   | 14373 ||| Stepping ~*~*~tactically~*~*~ (stealth).
 14374 | Lair:5   | 14374 ||| Stepping ~*~*~tactically~*~*~ (stealth).
 14383 | Lair:5   | Reached skill level 12 in Fighting
 14454 | Lair:5   | 14454 ||| READING scroll of brand weapon.
 14454 | Lair:5   | 14454 ||| BRANDING +2 war axe of freezing.
 14477 | Lair:5   | 14477 ||| Stepping ~*~*~tactically~*~*~ (stealth).
 14514 | Lair:5   | 14514 ||| Stepping ~*~*~tactically~*~*~ (stealth).
 14570 | Lair:5   | Found a viscous altar of Jiyva.
 14570 | Lair:5   | Found a staircase to the Slime Pits.
 14597 | Lair:5   | 14597 ||| Stepping ~*~*~tactically~*~*~ (stealth).
 14604 | Lair:5   | 14604 ||| Stepping ~*~*~tactically~*~*~ (stealth).
 14610 | Lair:5   | 14610 ||| Stepping ~*~*~tactically~*~*~ (stealth).
 14641 | Lair:5   | 14641 ||| RIP GAUNTLET
 14642 | Lair:5   | 14642 ||| PLANNING LAIR
 14766 | Lair:5   | 14766 ||| Stepping ~*~*~tactically~*~*~ (stealth).
 14768 | Lair:5   | 14768 ||| INVOKING Heroism.
 14874 | Lair:5   | 14874 ||| Stepping ~*~*~tactically~*~*~ (hiding).
 14909 | Lair:5   | 14909 ||| INVOKING Heroism.
 14910 | Lair:5   | 14910 ||| INVOKING Finesse.
 14911 | Lair:5   | 14911 ||| Stepping ~*~*~tactically~*~*~ (stealth).
 15022 | Lair:5   | 15022 ||| Stepping ~*~*~tactically~*~*~ (stealth).
 15023 | Lair:5   | 15023 ||| INVOKING Heroism.
 15024 | Lair:5   | 15024 ||| Stepping ~*~*~tactically~*~*~ (stealth).
 15025 | Lair:5   | 15025 ||| Stepping ~*~*~tactically~*~*~ (stealth).
 15026 | Lair:5   | 15026 ||| INVOKING Finesse.
 15031 | Lair:5   | 15031 ||| SWAPPING to +0 morningstar.
 15035 | Lair:5   | Reached skill level 16 in Axes
 15035 | Lair:5   | 15035 ||| Stepping ~*~*~tactically~*~*~ (hiding).
 15036 | Lair:5   | 15036 ||| Stepping ~*~*~tactically~*~*~ (hiding).
 15037 | Lair:5   | 15037 ||| SWAPPING to +2 war axe of chaos.
 15078 | Lair:5   | 15078 ||| Stepping ~*~*~tactically~*~*~ (stealth).
 15273 | Lair:5   | Received a gift from Okawaru
 15306 | Lair:5   | 15306 ||| Stepping ~*~*~tactically~*~*~ (stealth).
 15329 | Lair:5   | 15329 ||| Stepping ~*~*~tactically~*~*~ (stealth).
 15343 | Lair:5   | 15343 ||| INVOKING Heroism.
 15344 | Lair:5   | 15344 ||| INVOKING Finesse.
 15362 | Lair:5   | Received a gift from Okawaru
 15427 | Lair:5   | 15427 ||| Stepping ~*~*~tactically~*~*~ (stealth).
 15434 | Lair:5   | 15434 ||| Stepping ~*~*~tactically~*~*~ (stealth).
 15599 | Lair:5   | 15599 ||| Stepping ~*~*~tactically~*~*~ (stealth).
 15748 | Lair:5   | 15748 ||| PLANNING D:1-11
 15748 | Lair:5   | 15748 ||| DROPPING +0 pair of boots of rampaging.
 15749 | Lair:5   | 15749 ||| DROPPING +1 hat of stealth.
 15920 | D:11     | 15920 ||| Stepping ~*~*~tactically~*~*~ (stealth).
 15932 | D:11     | 15932 ||| Stepping ~*~*~tactically~*~*~ (stealth).
 15979 | D:11     | 15979 ||| DROPPING +0 flail of protection.
 16142 | D:11     | 16142 ||| INVOKING Heroism.
 16143 | D:11     | 16143 ||| INVOKING Finesse.
 16236 | D:11     | 16236 ||| Stepping ~*~*~tactically~*~*~ (stealth).
 16573 | D:11     | 16573 ||| PLANNING D
 16573 | D:11     | 16573 ||| DROPPING +1 pair of gloves.
 16606 | D:12     | 16606 ||| INVOKING Heroism.
 16611 | D:12     | Reached skill level 6 in Throwing
 16635 | D:12     | 16635 ||| Stepping ~*~*~tactically~*~*~ (stealth).
 16642 | D:12     | 16642 ||| INVOKING Heroism.
 16653 | D:12     | 16653 ||| Stepping ~*~*~tactically~*~*~ (stealth).
 16659 | D:12     | 16659 ||| Stepping ~*~*~tactically~*~*~ (stealth).
 16676 | D:12     | Reached XP level 15. HP: 98/98 MP: 22/22
 16691 | D:12     | 16691 ||| Stepping ~*~*~tactically~*~*~ (stealth).
 16693 | D:12     | 16693 ||| INVOKING Heroism.
 16702 | D:12     | 16702 ||| Stepping ~*~*~tactically~*~*~ (stealth).
 16710 | D:12     | 16710 ||| Stepping ~*~*~tactically~*~*~ (stealth).
 16711 | D:12     | 16711 ||| SWAPPING to +3 war axe.
 16722 | D:12     | 16722 ||| DROPPING +2 war axe of chaos.
 16742 | D:12     | 16742 ||| Stepping ~*~*~tactically~*~*~ (hiding).
 16743 | D:12     | 16743 ||| Stepping ~*~*~tactically~*~*~ (hiding).
 16754 | D:12     | 16754 ||| Stepping ~*~*~tactically~*~*~ (stealth).
 16812 | D:12     | 16812 ||| Stepping randomly (disturbance).
 17359 | D:13     | Found Vownin Ufank's Jewellery Emporium.
 17366 | D:13     | 17366 ||| Stepping ~*~*~tactically~*~*~ (hiding).
 17407 | D:13     | 17407 ||| BUYING +4 ring of protection (432 gold).
 17407 | D:13     | Bought a +4 ring of protection for 432 gold pieces
 17407 | D:13     | 17407 ||| BUYING +5 ring of evasion (432 gold).
 17407 | D:13     | Bought a +5 ring of evasion for 432 gold pieces
 17407 | D:13     | 17407 ||| SHOPLISTING amulet of reflection (360 gold, have
                  | 152).
 17407 | D:13     | 17407 ||| SHOPLISTING ring "Nihudec" {rPois rC+ MP+9} (458
                  | gold, have 152).
 17407 | D:13     | 17407 ||| SHOPLISTING ring "Wune" {Ice rPois rCorr Str-2
                  | Slay+5} (703 gold, have 152).
 17429 | D:13     | Received a gift from Okawaru
 17431 | D:13     | 17431 ||| SWAPPING to +0 broad axe of flaming.
 17432 | D:13     | 17432 ||| DROPPING +3 war axe.
 17433 | D:13     | 17433 ||| DROPPING +0 morningstar.
 17550 | D:13     | 17550 ||| Stepping ~*~*~tactically~*~*~ (stealth).
 17601 | D:13     | 17601 ||| Stepping ~*~*~tactically~*~*~ (hiding).
 17602 | D:13     | 17602 ||| Stepping ~*~*~tactically~*~*~ (hiding).
 17603 | D:13     | 17603 ||| Stepping ~*~*~tactically~*~*~ (hiding).
 17639 | D:13     | 17639 ||| DRINKING 7 potions of curing.
 17639 | D:13     | 17639 ||| (to cure confusion)
 17655 | D:13     | 17655 ||| Stepping ~*~*~tactically~*~*~ (hiding).
 17699 | D:13     | 17699 ||| Stepping ~*~*~tactically~*~*~ (hiding).
 17730 | D:13     | 17730 ||| INVOKING Heroism.
 17893 | D:13     | Found a gate to the Vaults.
 17898 | D:13     | Reached ****** piety under Okawaru
 18156 | D:13     | 18156 ||| UPGRADING to +4 ring of protection.
 18158 | D:13     | 18158 ||| UPGRADING to +5 ring of evasion.
 18160 | D:13     | 18160 ||| UPGRADING to +6 ring of strength.
 18162 | D:13     | 18162 ||| UPGRADING to +4 ring of protection.
 18164 | D:13     | 18164 ||| DROPPING +6 ring of dexterity.
 18165 | D:13     | 18165 ||| DROPPING +6 ring of strength.
 18282 | D:14     | 18282 ||| Stepping ~*~*~tactically~*~*~ (hiding).
 18283 | D:14     | 18283 ||| Stepping ~*~*~tactically~*~*~ (hiding).
 18285 | D:14     | 18285 ||| Stepping ~*~*~tactically~*~*~ (hiding).
 18306 | D:14     | 18306 ||| Stepping ~*~*~tactically~*~*~ (hiding).
 18375 | D:14     | 18375 ||| Stepping ~*~*~tactically~*~*~ (stealth).
 18379 | D:14     | 18379 ||| INVOKING Heroism.
 18387 | D:14     | Received a gift from Okawaru
 18395 | D:14     | Reached skill level 17 in Axes
 18452 | D:14     | 18452 ||| Stepping ~*~*~tactically~*~*~ (stealth).
 18453 | D:14     | 18453 ||| Stepping ~*~*~tactically~*~*~ (stealth).
 18455 | D:14     | 18455 ||| Stepping ~*~*~tactically~*~*~ (stealth).
 18499 | D:14     | 18499 ||| INVOKING Heroism.
 18757 | D:14     | Found a broken altar of Ashenzari.
 18795 | D:14     | 18795 ||| Stepping ~*~*~tactically~*~*~ (hiding).
 18865 | D:14     | 18865 ||| Stepping ~*~*~tactically~*~*~ (hiding).
 18866 | D:14     | 18866 ||| Stepping ~*~*~tactically~*~*~ (hiding).
 18871 | D:14     | 18871 ||| Stepping ~*~*~tactically~*~*~ (hiding).
 18983 | D:14     | 18983 ||| DROPPING +7 chain mail of ponderousness.
 18984 | D:14     | 18984 ||| UPGRADING to +2 crystal plate armour.
 18994 | D:14     | 18994 ||| READING 2 scrolls of enchant armour.
 18994 | D:14     | 18994 ||| ENCHANTING +2 crystal plate armour.
 18995 | D:14     | 18995 ||| READING scroll of enchant armour.
 18995 | D:14     | 18995 ||| ENCHANTING +3 crystal plate armour.
 19000 | D:15     | Entered Level 15 of the Dungeon
 19047 | D:15     | Found Fauc's Magic Scroll Boutique.
 19052 | D:15     | 19052 ||| BUYING scroll of teleportation (39 gold).
 19052 | D:15     | Bought a scroll of teleportation for 39 gold pieces
 19056 | D:15     | Noticed Rupert
 19058 | D:15     | 19058 ||| INVOKING Heroism.
 19059 | D:15     | 19059 ||| INVOKING Finesse.
 19060 | D:15     | 19060 ||| DRINKING 6 potions of curing.
 19060 | D:15     | 19060 ||| (to cure confusion)
 19074 | D:15     | Killed Rupert
 19264 | D:15     | 19264 ||| INVOKING Heroism.
 19269 | D:15     | Reached skill level 9 in Armour
 19368 | D:15     | 19368 ||| Stepping ~*~*~tactically~*~*~ (hiding).
 19373 | D:15     | 19373 ||| INVOKING Heroism.
 19524 | D:15     | Found Saigeb's Antique Armour Boutique.
 19533 | D:15     | 19533 ||| BUYING jewelled helmet (323 gold).
 19533 | D:15     | Bought a jewelled helmet for 323 gold pieces
 19533 | D:15     | Identified the +0 helmet of Qeuph {Dex+4} (You bought it in
                  | a shop on level 15 of the Dungeon)
 19533 | D:15     | 19533 ||| SHOPLISTING pair of runed gloves (255 gold, have
                  | 61).
 19668 | D:15     | Found Noinn's Antique Armour Emporium.
 19677 | D:15     | Found a white marble altar of Elyvilon.
 19678 | D:15     | 19678 ||| UPGRADING to +0 helmet of Qeuph {Dex+4}.
 19688 | D:15     | 19688 ||| DROPPING +0 helmet.
 19868 | D:15     | Found a staircase to the Depths.
 19869 | D:15     | 19869 ||| INVOKING Heroism.
 20043 | D:15     | 20043 ||| PLANNING ORC
 20043 | D:15     | 20043 ||| DROPPING amulet of faith.
 20044 | D:15     | 20044 ||| READING scroll labelled UWENKY CARIA.
 20141 | Orc:1    | Entered Level 1 of the Orcish Mines
 20239 | Orc:1    | 20239 ||| Stepping ~*~*~tactically~*~*~ (stealth).
 20352 | Orc:1    | Noticed an orc warlord
 20353 | Orc:1    | 20353 ||| INVOKING Heroism.
 20354 | Orc:1    | 20354 ||| INVOKING Finesse.
 20371 | Orc:1    | Killed an orc warlord
 20372 | Orc:1    | Reached XP level 16. HP: 99/104 MP: 16/23
 20626 | Orc:1    | 20626 ||| INVOKING Heroism.
 20840 | Orc:2    | Entered Level 2 of the Orcish Mines
 20840 | Orc:2    | Found Ugegax's Distillery.
 20857 | Orc:2    | 20857 ||| BUYING 2 potions of cancellation (192 gold).
 20857 | Orc:2    | Bought 2 potions of cancellation for 192 gold pieces
 20857 | Orc:2    | 20857 ||| BUYING potion of curing (36 gold).
 20857 | Orc:2    | Bought a potion of curing for 36 gold pieces
 20857 | Orc:2    | 20857 ||| BUYING potion of curing (36 gold).
 20857 | Orc:2    | Bought a potion of curing for 36 gold pieces
 20857 | Orc:2    | 20857 ||| BUYING potion of curing (36 gold).
 20857 | Orc:2    | Bought a potion of curing for 36 gold pieces
 20857 | Orc:2    | 20857 ||| BUYING potion of curing (36 gold).
 20857 | Orc:2    | Bought a potion of curing for 36 gold pieces
 20857 | Orc:2    | 20857 ||| BUYING potion of heal wounds (60 gold).
 20857 | Orc:2    | Bought a potion of heal wounds for 60 gold pieces
 20857 | Orc:2    | 20857 ||| BUYING potion of might (48 gold).
 20857 | Orc:2    | Bought a potion of might for 48 gold pieces
 20857 | Orc:2    | 20857 ||| SHOPLISTING potion of might (48 gold, have 2).
 20859 | Orc:2    | 20859 ||| INVOKING Heroism.
 20860 | Orc:2    | 20860 ||| INVOKING Finesse.
 20993 | Orc:2    | 20993 ||| Stepping ~*~*~tactically~*~*~ (stealth).
 20997 | Orc:2    | 20997 ||| Stepping ~*~*~tactically~*~*~ (hiding).
 21058 | Orc:2    | 21058 ||| INVOKING Heroism.
 21078 | Orc:2    | HP: 18/104 [orc sorcerer/bolt of fire (9)]
 21078 | Orc:2    | HP: 3/104 [orc priest/divine providence (15)]
 21079 | Orc:2    | 21079 ||| READING 15 scrolls of teleportation.
 21080 | Orc:2    | 21080 ||| DRINKING 8 potions of heal wounds.
 21081 | Orc:2    | 21081 ||| DRINKING 7 potions of heal wounds.
 21083 | Orc:2    | 21083 ||| INVOKING Heroism.
 21125 | Orc:2    | 21125 ||| INVOKING Heroism.
 21165 | Orc:2    | 21165 ||| Stepping ~*~*~tactically~*~*~ (stealth).
 21167 | Orc:2    | 21167 ||| Stepping ~*~*~tactically~*~*~ (stealth).
 21202 | Orc:2    | 21202 ||| Stepping ~*~*~tactically~*~*~ (stealth).
 21204 | Orc:2    | 21204 ||| Stepping ~*~*~tactically~*~*~ (stealth).
 21206 | Orc:2    | 21206 ||| Stepping ~*~*~tactically~*~*~ (stealth).
 21209 | Orc:2    | 21209 ||| Stepping ~*~*~tactically~*~*~ (stealth).
 21280 | Orc:2    | 21280 ||| Stepping ~*~*~tactically~*~*~ (stealth).
 21282 | Orc:2    | 21282 ||| Stepping ~*~*~tactically~*~*~ (stealth).
 21313 | Orc:2    | Found Ylat's Book Shop.
 21313 | Orc:2    | Found Ybreim's Antique Armour Shop.
 21314 | Orc:2    | Found Plog's Antique Armour Boutique.
 21315 | Orc:2    | 21315 ||| Stepping ~*~*~tactically~*~*~ (stealth).
 21317 | Orc:2    | 21317 ||| Stepping ~*~*~tactically~*~*~ (hiding).
 21332 | Orc:2    | 21332 ||| Stepping ~*~*~tactically~*~*~ (stealth).
 21334 | Orc:2    | 21334 ||| Stepping ~*~*~tactically~*~*~ (stealth).
 21336 | Orc:2    | 21336 ||| Stepping ~*~*~tactically~*~*~ (hiding).
 21338 | Orc:2    | Found Apememme's Antique Armour Boutique.
 21356 | Orc:2    | 21356 ||| SHOPLISTING ichor-stained helmet (228 gold, have
                  | 82).
 21356 | Orc:2    | 21356 ||| SHOPLISTING smouldering orb (336 gold, have 82).
 21357 | Orc:2    | 21357 ||| SHOPLISTING cloak (148 gold, have 82).
 21357 | Orc:2    | 21357 ||| SHOPLISTING glowing helmet (247 gold, have 82).
 21357 | Orc:2    | 21357 ||| SHOPLISTING twisted gold dragon scales (2805
                  | gold, have 82).
 21369 | Orc:2    | 21369 ||| DRINKING 10 potions of curing.
 21369 | Orc:2    | 21369 ||| (to cure confusion)
 21490 | Orc:2    | Found a staircase to the Elven Halls.
 21493 | Orc:2    | 21493 ||| INVOKING Heroism.
 21575 | Orc:2    | 21575 ||| Stepping ~*~*~tactically~*~*~ (hiding).
 21576 | Orc:2    | 21576 ||| Stepping ~*~*~tactically~*~*~ (hiding).
 21669 | Orc:2    | 21669 ||| INVOKING Heroism.
 21674 | Orc:2    | Reached skill level 12 in Armour
 21795 | Orc:2    | Noticed Jorgrun
 21796 | Orc:2    | 21796 ||| INVOKING Heroism.
 21822 | Orc:2    | Killed Jorgrun
 21894 | Orc:2    | 21894 ||| PLANNING SHOALS:1-3
 22026 | Shoals:1 | Entered Level 1 of the Shoals
 22028 | Shoals:1 | 22028 ||| INVOKING Heroism.
 22188 | Shoals:1 | 22188 ||| Stepping ~*~*~tactically~*~*~ (hiding).
 22200 | Shoals:1 | 22200 ||| Stepping ~*~*~tactically~*~*~ (hiding).
 22201 | Shoals:1 | 22201 ||| Stepping ~*~*~tactically~*~*~ (hiding).
 22204 | Shoals:1 | 22204 ||| Stepping ~*~*~tactically~*~*~ (hiding).
 22213 | Shoals:1 | Received a gift from Okawaru
 22313 | Shoals:1 | 22313 ||| INVOKING Heroism.
 22413 | Shoals:1 | 22413 ||| INVOKING Heroism.
 22540 | Shoals:1 | 22540 ||| Stepping ~*~*~tactically~*~*~ (hiding).
 22541 | Shoals:1 | 22541 ||| Stepping ~*~*~tactically~*~*~ (hiding).
 22596 | Shoals:1 | 22596 ||| INVOKING Heroism.
 22743 | Shoals:1 | Received a gift from Okawaru
 22937 | Shoals:1 | Received a gift from Okawaru
 23164 | Shoals:1 | Found a runed translucent door.
 23345 | Shoals:2 | 23345 ||| Stepping ~*~*~tactically~*~*~ (hiding).
 23537 | Shoals:2 | 23537 ||| Stepping ~*~*~tactically~*~*~ (hiding).
 23541 | Shoals:2 | 23541 ||| Stepping ~*~*~tactically~*~*~ (hiding).
 23543 | Shoals:2 | 23543 ||| Stepping ~*~*~tactically~*~*~ (hiding).
 23623 | Shoals:2 | 23623 ||| Stepping ~*~*~tactically~*~*~ (stealth).
 23625 | Shoals:2 | 23625 ||| Stepping ~*~*~tactically~*~*~ (hiding).
 23626 | Shoals:2 | 23626 ||| Stepping ~*~*~tactically~*~*~ (hiding).
 23629 | Shoals:2 | 23629 ||| Stepping ~*~*~tactically~*~*~ (hiding).
 23656 | Shoals:2 | 23656 ||| READING scroll of enchant armour.
 23656 | Shoals:2 | 23656 ||| ENCHANTING +4 crystal plate armour.
 23661 | Shoals:2 | 23661 ||| Stepping ~*~*~tactically~*~*~ (hiding).
 23663 | Shoals:2 | 23663 ||| Stepping ~*~*~tactically~*~*~ (hiding).
 23672 | Shoals:2 | Received a gift from Okawaru
 23848 | Shoals:2 | Found Jiwasobb's Weapon Shoppe.
 23928 | Shoals:2 | 23928 ||| INVOKING Heroism.
 23991 | Shoals:2 | 23991 ||| INVOKING Heroism.
 23996 | Shoals:2 | Reached skill level 15 in Armour
 24734 | Shoals:3 | 24734 ||| INVOKING Heroism.
 24735 | Shoals:3 | 24735 ||| INVOKING Finesse.
 24862 | Shoals:3 | 24862 ||| Stepping ~*~*~tactically~*~*~ (hiding).
 24864 | Shoals:3 | 24864 ||| Stepping ~*~*~tactically~*~*~ (hiding).
 24981 | Shoals:3 | Noticed Nikola
 24982 | Shoals:3 | 24982 ||| INVOKING Heroism.
 24990 | Shoals:3 | 24990 ||| Stepping ~*~*~tactically~*~*~ (hiding).
 24994 | Shoals:3 | 24994 ||| Stepping ~*~*~tactically~*~*~ (hiding).
 24995 | Shoals:3 | 24995 ||| Stepping ~*~*~tactically~*~*~ (hiding).
 25003 | Shoals:3 | Killed from afar by Nikola

Levels and vault maps discovered:
D:1:      minmay_arrival_pointy, layout_loops_corners, kennysheep_another_room,
          lexackson_kobold_supper
D:2:      layout_rooms
D:3:      layout_loops_ring, ebering_ghost_sewer_f, hangedman_decor_push,
          minmay_misc_feat_diagonals, grunt_decor_mini_mirrors
D:4:      layout_basic, uniq_eustachio, uniq_sigmund
D:5:      layout_rooms, minmay_temple_entry_slanted, serial_shops, shop,
          wad_floor_pattern_untrapped
D:6:      layout_cave_pools, old_standard_altar, amcnicky_altar_gilded,
          gup_sewer_entry_glass, chequers_ossuary_entry_cave, uniq_duvessa
D:7:      layout_basic, led_xom_imps, tso_altar, serial_shops,
          nicolae_stop_n_shop_2, kb_rosetta
D:8:      layout_gridville, mainiacjoe_overflow_small_starburst,
          serial_bayou_pond_e, nicolae_shop_firing_range
D:9:      layout_cave_pods, mainiacjoe_overflow_concentric_impassable,
          old_standard_altar, overflow_temple_1_default
D:10:     layout_long_grid, erik_lair_orcish_takeover, hiddenorc2_lemuel,
          minmay_orc_keep
D:11:     layout_gridville, serial_bayou, serial_bayou_pond_e,
          serial_bayou_pond_d, serial_bayou_pond_d, serial_bayou_shore_a
D:12:     layout_loops_cross, special_room [special_room_bee]
D:13:     layout_gridville, grunt_vaults_entry_tiered, serial_shops, shop
D:14:     layout_basic, ashenzari_altar_1
D:15:     grunt_enter_depths_snipers, layout_cave_pools, elyvilon_altar_4,
          serial_shops, shop, shop, nicolae_shop_hallway_stairs, uniq_rupert
Temple:   compressed_dpeg_circular_temple
Lair:1:   layout_cave_pods, minivault_11, chequers_serial_rivers_marsh
Lair:2:   layout_gridlike, serial_bayou_shore_b, infiniplex_staircase_pool,
          grunt_megastairs_2, uniq_prince_ribbit2, uniq_nergalle
Lair:3:   hellmonk_ruined_rings, layout_chaotic_city,
          minmay_shoals_entry_lonely_mermaid, nicolae_spider_entry_orb_guardian,
          serial_bayou_lake_a, uniq_gastronok, uniq_josephine
Lair:4:   layout_roguey, st_stairs_9, beast_lair_carwin_4
Lair:5:   guppyfry_lair_end_dragon, layout_regular_city,
          hangedman_lair_tendril_chambers, slime_entry_1, gauntlet_entry_generic
Shoals:1: nicolae_shoals_offshore_bank_account, layout_shoals
Shoals:2: layout_shoals, serial_shops, nicolae_shop_crystal,
          nicolae_shoals_arrival_archipelago
Shoals:3: layout_shoals, uniq_nikola
Orc:1:    layout_diamond_mine, kennysheep_orc_chapel
Orc:2:    st_orc_mages, layout_caves, serial_shops, shop, uniq_jorgrun

Skill      XL: |  1  2  3  4  5  6  7  8  9 10 11 12 13 14 15 16 |
---------------+-------------------------------------------------+-----
Axes           | 2 3 4 5 7 8 10 11 12 14 15 16 17 | 17.5
Fighting       | 5 6 7 8 10 11 13 | 13.0
Dodging        | 1 4 5 |  5.9
Throwing       | 2 3 4 6 7 |  7.0
Armour         | 4 5 6 8 10 15 | 15.6
Invocations    | 4 5 10 | 10.0
Shields        | 4 5 6 7 8 |  8.1

Action                     |  1- 3 |  4- 6 |  7- 9 | 10-12 | 13-15 | 16-18 || total
---------------------------+-------+-------+-------+-------+-------+-------++-------
  Melee: War axe           |    90 |    82 |   274 |   435 |   578 |       ||  1459
         Morningstar       |       |       |       |     4 |    12 |       ||    16
         Broad axe         |       |       |       |       |   327 |   616 ||   943
  Throw: Boomerang         |       |    31 |    79 |    90 |   137 |    77 ||   414
         Javelin           |       |       |       |    43 |    94 |       ||   137
 Invoke: Heroism           |       |       |     4 |    32 |    24 |    16 ||    76
         Finesse           |       |       |       |       |     8 |     2 ||    10
    Use: Scroll            |     3 |     6 |    11 |     2 |     9 |     2 ||    33
         Potion            |     1 |       |     5 |       |     2 |     3 ||    11
   Stab: Petrifying        |       |       |       |     2 |       |       ||     2
         Distracted        |       |       |       |     1 |       |       ||     1
         Confused          |       |       |       |       |     3 |       ||     3
 Armour: Scale mail        |    36 |     8 |       |    95 |   301 |       ||   440
         Plate armour      |       |    30 |   179 |    94 |       |       ||   303
         Crystal plate arm |       |       |       |       |    81 |   347 ||   428
  Dodge: Dodged            |    32 |    25 |    86 |   153 |   327 |   282 ||   905
  Block: Buckler           |    11 |    15 |    55 |    99 |   169 |   171 ||   520

Table legend:
 A = Non-vault XP
 B = Vault XP
 C = Vault XP percentage of total XP
 D = Non-vault monster count
 E = Vault monster count
 F = Vault count percentage of total count
                 A         B        C        D         E       F
            +---------+---------+-------+---------+---------+-------
      Total |  130845 |   49050 |  27.3 |     609 |     287 |  32.0
            +---------+---------+-------+---------+---------+-------
        D:1 |      51 |       9 |  15.0 |      29 |       8 |  21.6
        D:2 |      56 |       0 |   0.0 |      16 |       0 |   0.0
        D:3 |      72 |       0 |   0.0 |      20 |       0 |   0.0
        D:4 |     168 |     413 |  71.1 |      12 |       2 |  14.3
        D:5 |     984 |       0 |   0.0 |      17 |       0 |   0.0
        D:6 |     890 |     216 |  19.5 |      19 |       2 |   9.5
        D:7 |    1225 |    2525 |  67.3 |      29 |       8 |  21.6
        D:8 |    2730 |       6 |   0.2 |      29 |       3 |   9.4
        D:9 |    1909 |       0 |   0.0 |      21 |       0 |   0.0
       D:10 |    3076 |    1493 |  32.7 |      19 |      49 |  72.1
       D:11 |    4492 |       0 |   0.0 |      26 |       0 |   0.0
       D:12 |    5389 |    2468 |  31.4 |      22 |      24 |  52.2
       D:13 |    6012 |    7193 |  54.5 |      15 |      25 |  62.5
       D:14 |   13765 |       0 |   0.0 |      29 |       0 |   0.0
       D:15 |    4274 |    4572 |  51.7 |       8 |       5 |  38.5
     Lair:1 |    7379 |       0 |   0.0 |      23 |       0 |   0.0
     Lair:2 |    6578 |    2459 |  27.2 |      18 |       8 |  30.8
     Lair:3 |    5115 |    4422 |  46.4 |      28 |       8 |  22.2
     Lair:4 |    4931 |    1563 |  24.1 |      21 |       8 |  27.6
     Lair:5 |   16763 |   13101 |  43.9 |      49 |      48 |  49.5
   Shoals:1 |   19268 |       0 |   0.0 |      38 |       0 |   0.0
   Shoals:2 |    9533 |       0 |   0.0 |      19 |       0 |   0.0
   Shoals:3 |    7672 |       0 |   0.0 |      18 |       0 |   0.0
      Orc:1 |    4551 |    1459 |  24.3 |      54 |       8 |  12.9
      Orc:2 |    3962 |    6529 |  62.2 |      30 |      42 |  58.3
    Ossuary |       0 |     622 | 100.0 |       0 |      39 | 100.0
            +---------+---------+-------+---------+---------+-------
